 Dungeon Crawl Stone Soup version 0.17-a0-1150-g17b0b87 (webtiles) character file.

34962 Hanyuu the Black Belt (level 13, -6/89 HPs)
             Began as an Octopode Transmuter on May 26, 2015.
             Was the Champion of Makhleb.
             Engulfed by a fire crab's flame (17 damage)
             ... on level 6 of the Lair of Beasts on May 27, 2015.
             The game lasted 02:12:13 (24934 turns).

Hanyuu the Black Belt (Octopode Transmuter)        Turns: 24934, Time: 02:12:13

Health: -6/89      AC:  1    Str: 10    XL:     13   Next: 80%
Magic:  23/23      EV: 21    Int: 17    God:    Makhleb [******]
Gold:   962        SH:  0    Dex: 19    Spells: 6 memorised, 8 levels left

rFire  . . .     SeeInvis .       - Unarmed
rCold  . . .     Clarity  .     (no shield)
rNeg   . . .     SustAt   +     (helmet restricted)
rPois  .         Gourm    .     g - amulet of faith
rElec  .         Spirit   .     l - ring of stealth
rCorr  .         Warding  .     o - +4 ring of dexterity
rMut   .         Stasis   .     I - ring of sustain attributes
MR     .....                    N - ring of stealth
Stlth  +++++.....               M - ring of flight
                                q - +3 ring of evasion
                                (no ring)
                                (no ring)

@: about to teleport, appendage, not resistant to hostile enchantments, quite
stealthy
A: almost no armour, amphibious, 8 rings, constrict 8, tentacle spike 3,
camouflage 1, gelatinous body 1
a: End Transformation, Minor Destruction, Lesser Servant of Makhleb, Major
Destruction, Greater Servant of Makhleb, Renounce Religion, Evoke Flight


You were on level 6 of the Lair of Beasts.
You worshipped Makhleb.
Makhleb was exalted by your worship.
You were not hungry.
One of your tentacles had a temporary spike.
You visited 3 branches of the dungeon, and saw 17 of its levels.
You also visited: Sewer and Volcano.

You collected 962 gold pieces.

Inventory:

Hand weapons
 b - a +1 blowgun
Missiles
 c - 249 arrows
 r - 3 curare-tipped needles
 v - 52 poisoned needles
Jewellery
 g - an amulet of faith (around mantle)
 l - a ring of stealth (left tentacle)
 o - a +4 ring of dexterity (right tentacle)
 q - a +3 ring of evasion (on tentacle)
 I - a ring of sustain attributes (on tentacle)
 M - a ring of flight (on tentacle)
 N - a ring of stealth (on tentacle)
 T - an uncursed amulet of the gourmand
Magical devices
 t - a wand of fire (4)
 G - a wand of cold (0)
 H - a wand of teleportation (5)
 U - a wand of paralysis (19)
 W - a wand of slowing (29)
Scrolls
 i - 7 scrolls of remove curse
 j - a scroll of recharging
 y - 2 scrolls of fear
 A - 2 scrolls of teleportation
 E - 2 scrolls of amnesia
Potions
 e - 2 potions of cancellation {unknown}
 h - 4 potions of brilliance
 k - 3 potions of curing
 n - a potion of might {unknown}
 p - 2 potions of agility
 s - a potion of haste
 u - 4 potions of lignification
 x - 2 potions of degeneration {unknown}
 B - a potion of magic {unknown}
 C - 3 potions of flight {unknown}
 D - a potion of mutation {unknown}
 F - a potion of cure mutation {unknown}
 J - a potion of ambrosia {unknown}
 P - a potion of poison {unknown}
 S - 2 potions of resistance {unknown}
 X - a potion of experience {unknown}
 Y - 4 potions of berserk rage
 Z - a potion of beneficial mutation {unknown}
Books
 w - a book of Changes

   Spells                             Type                      Level
   a - Beastly Appendage              Transmutation                1
   b - Sticks to Snakes               Transmutation                2
   c - Spider Form                    Transmutation/Poison         3
   d - Ice Form                       Ice/Transmutation            4
   e - Blade Hands                    Transmutation                5
 K - the Guide on the Escort
   (You found it on level 7 of the Dungeon)

   Spells                             Type                      Level
   a - Summon Small Mammal            Summoning                    1
   b - Call Imp                       Summoning                    2
   c - Call Canine Familiar           Summoning                    3
   d - Summon Lightning Spire         Summoning/Air                4
 L - a book of Callings

   Spells                             Type                      Level
   a - Summon Small Mammal            Summoning                    1
   b - Call Imp                       Summoning                    2
   c - Call Canine Familiar           Summoning                    3
   d - Summon Guardian Golem          Hexes/Summoning              3
   e - Summon Lightning Spire         Summoning/Air                4
   f - Summon Ice Beast               Ice/Summoning                4
 O - a Necronomicon {highlevel, unknown}

   This book is beyond your current level of understanding.

   Spells                             Type                      Level
   a - Haunt                          Necromancy/Summoning         7
   b - Borgnjor's Revivification      Necromancy                   8
   c - Death's Door                   Charms/Necromancy            8
   d - Necromutation                  Transmutation/Necromancy     8
 R - a book of Party Tricks

   Spells                             Type                      Level
   a - Summon Butterflies             Summoning                    1
   b - Apportation                    Translocation                1
   c - Tukima's Dance                 Hexes                        3
   d - Alistair's Intoxication        Transmutation/Poison         4
   e - Invisibility                   Hexes                        6
 V - Rupal's Grimoire of Conjuration
   (You found it on level 1 of the Lair of Beasts)

   Spells                             Type                      Level
   a - Flame Tongue                   Conjuration/Fire             1
   b - Shock                          Conjuration/Air              1
   c - Mephitic Cloud                 Conjuration/Poison/Air       3
   d - Fireball                       Conjuration/Fire             5
   e - Bolt of Cold                   Conjuration/Ice              6
Comestibles
 a - 10 bread rations
 f - 13 meat rations
 Q - 37 fruits


   Skills:
 + Level 8.4 Fighting
 - Level 2.0 Throwing
 + Level 7.4 Dodging
 * Level 15.6 Unarmed Combat
 + Level 6.9 Spellcasting
 - Level 9.0 Transmutations
 - Level 1.2 Poison Magic
 + Level 6.3 Invocations
 - Level 1.0 Evocations


You had 8 spell levels left.
You knew the following spells:

 Your Spells              Type           Power        Failure   Level  Hunger
a - Beastly Appendage     Trmt           #####.       1%          1    None
b - Sticks to Snakes      Trmt           #####.....   1%          2    None
c - Spider Form           Trmt/Pois      ###.......   6%          3    ##.....
d - Ice Form              Ice/Trmt       ###.....     21%         4    ####...
e - Call Imp              Summ           #.......     21%         2    None
f - Blade Hands           Trmt           #####.....   10%         5    #####..


Dungeon Overview and Level Annotations

Branches:
Dungeon (10/15)            Temple (1/1) D:6            Lair (6/8) D:8
 Shoals (0/4) Lair:3        Snake (0/4) Lair:5        Slime (0/6) Lair:6
    Orc: D:9-12

Altars:
Ashenzari
Cheibriados
Dithmenos
Elyvilon
Fedhas
Gozag
Makhleb
Nemelex Xobeh
Okawaru
Qazlal
Sif Muna
Trog
Vehumet
Xom
Yredelemnul
Zin
The Shining One
Jiyva

Annotations:
D:7 exclusion: orange crystal statue
Lair:4 exclusion: hydra


Innate Abilities, Weirdness & Mutations

You cannot wear most types of armour.
You are amphibious.
You can wear up to eight rings at the same time.
You can use your tentacles to constrict eight enemies at once.
Your skin changes colour to match your surroundings (Stealth).
Your rubbery body absorbs attacks (AC +1).
One of your tentacles bears a large vicious spike.


Message History

The fire crab breathes flames at you. The blast of flame misses you.
You tentacle-slap the fire crab but do no damage.
You pierce the fire crab, but do no damage.
The fire crab is moderately wounded.
You are engulfed in roaring flames.
You constrict the fire crab, but do no damage.
You release your grip on the fire crab.
You are engulfed in roaring flames.
* * * LOW HITPOINT WARNING * * *
The fire crab breathes flames at you. The blast of flame misses you.
Drink which item? (? for menu, Esc to quit)
You feel much better.
You are engulfed in roaring flames.
* * * LOW HITPOINT WARNING * * *
Read which item? (? for menu, Esc to quit)
As you read the scroll of teleportation, it crumbles to dust.
You feel strangely unstable.
You are engulfed in roaring flames.
You have identified the last potion.
Z - a potion of beneficial mutation {unknown} You die...

##### ####...#####
##.#P....#..##
#.#..........##
##............####
#..............#.#
.##.............@.#
.............P#.#t#
#............####.#
.............# ###
.............#
...........###
............# ###
..P........##
####P# ..##......##
#.#..#


You could see a fire crab.

Vanquished Creatures
  A fire dragon (Lair:4)
  The ghost of asdu the Archer, a powerful HEHu of Okawaru (Lair:3)
  2 hydras
  9 death yaks
  2 hill giants (D:9)
  A manticore (Volcano)
  7 spiny frogs
  8 black mambas
  A torpor snail (Lair:6)
  8 elephants
  5 fire drakes
  2 komodo dragons (Volcano)
  2 trolls
  8 blink frogs
  Grinder (D:5)
  Prince Ribbit (D:8)
  3 basilisks
  6 hippogriffs
  2 hungry ghosts
  13 yaks
  8 wolves (Lair:2)
  16 water moccasins
  5 porcupines
  2 orc warriors
  Duvessa (D:7)
  2 black bears
  Purgy (Sewer)
  3 sky beasts
  An ice beast (D:4)
  2 necrophages
  A phantom (D:7)
  3 ogres
  4 crocodiles
  4 centaurs
  Blork the orc (D:5)
  23 giant frogs
  Dowan (D:7)
  3 scorpions
  5 killer bees (D:9)
  8 wights
  5 crimson imps
  A centaur zombie (D:9)
  8 orc priests
  5 orc wizards
  2 quasits
  9 iguanas
  4 hounds
  2 giant frog zombies
  Crazy Yiuf (D:5)
  2 hell rats (D:8)
  A jelly (Lair:6)
  A giant frog skeleton (D:9)
  2 centaur skeletons
  Natasha (thrice) (D:3)
  8 worker ants
  21 sheep
  A killer bee zombie (D:5)
  A hound zombie (D:5)
  3 hound skeletons
  A worker ant zombie (D:8)
  Robin (D:3)
  8 gnolls (D:5)
  27 river rats
  26 adders
  2 shadow imps
  An ooze (D:2)
  An adder zombie (D:5)
  5 worms
  An adder skeleton (D:8)
  3 giant geckos
  30 orcs
  10 ball pythons
  A bat skeleton (D:6)
  11 giant cockroaches
  26 goblins
  12 hobgoblins
  21 jackals
  12 kobolds
  8 quokkas
  14 bats
  A giant gecko skeleton (D:4)
  6 giant newts
  16 rats
  A bush (D:5)
  5 fungi
507 creatures vanquished.

Vanquished Creatures (collateral kills)
  A hydra (Lair:3)
  A porcupine (Lair:3)
  A water moccasin (Lair:3)
3 creatures vanquished.

Vanquished Creatures (others)
  2 crimson imps (Lair:5)
  An adder (D:6)
  A white imp (Lair:5)
  An orc (D:5)
  A plant (Lair:4)
6 creatures vanquished.

Grand Total: 516 creatures vanquished

Notes
Turn   | Place    | Note
--------------------------------------------------------------
     0 | D:1      | Hanyuu the Octopode Transmuter began the quest for the Orb.
     0 | D:1      | Reached XP level 1. HP: 13/13 MP: 3/3
   135 | D:1      | Reached XP level 2. HP: 18/18 MP: 3/5
   522 | D:1      | Reached skill level 4 in Unarmed Combat
   558 | D:1      | Reached XP level 3. HP: 21/23 MP: 4/6
   717 | D:1      | Learned a level 2 spell: Sticks to Snakes
   721 | D:1      | Learned a level 3 spell: Spider Form
  1328 | D:2      | Found a white marble altar of Elyvilon.
  1436 | D:2      | Reached XP level 4. HP: 26/28 MP: 7/7
  1654 | D:2      | Found a shimmering altar of Xom.
  1662 | D:2      | Reached skill level 5 in Unarmed Combat
  1789 | D:2      | Reached skill level 1 in Poison Magic
  2079 | D:2      | Reached XP level 5. HP: 24/33 MP: 8/8
  2494 | D:3      | Noticed Natasha
  2503 | D:3      | Killed Natasha
  2642 | D:3      | Noticed Robin
  3718 | D:3      | Noticed Natasha
  3725 | D:3      | Reached skill level 6 in Unarmed Combat
  3734 | D:3      | Reached XP level 6. HP: 33/39 MP: 6/9
  3747 | D:3      | Killed Natasha
  3749 | D:3      | Killed Robin
  4389 | D:3      | Noticed Natasha
  5168 | D:4      | HP: 2/41 [ogre/giant spiked club (15)]
  5500 | D:4      | Reached XP level 7. HP: 44/46 MP: 6/10
  5657 | D:3      | Killed Natasha
  5957 | D:4      | Reached skill level 7 in Unarmed Combat
  5996 | D:4      | Learned a level 4 spell: Ice Form
  6358 | D:4      | Reached XP level 8. HP: 19/52 MP: 8/11
  6658 | D:4      | Found a blossoming altar of Fedhas.
  6915 | D:4      | Found a radiant altar of Vehumet.
  6993 | D:5      | Entered Level 5 of the Dungeon
  7047 | D:5      | Reached skill level 8 in Unarmed Combat
  7113 | D:5      | Reached skill level 1 in Throwing
  7127 | D:5      | Noticed Grinder
  7155 | D:5      | Killed Grinder
  7223 | D:5      | HP: 1/52 [orc priest/hand axe (6)]
  7275 | D:5      | Noticed Blork the orc
  7299 | D:5      | Killed Blork the orc
  7477 | D:5      | Found a glowing drain.
  7486 | Sewer    | Entered a sewer
  7632 | Sewer    | Noticed Purgy
  7669 | Sewer    | Killed Purgy
  7669 | Sewer    | Reached skill level 9 in Unarmed Combat
  8192 | D:5      | Reached XP level 9. HP: 48/58 MP: 10/12
  8615 | D:5      | Noticed Crazy Yiuf
  8623 | D:5      | Killed Crazy Yiuf
  8759 | D:6      | Reached skill level 5 in Transmutations
  9079 | D:6      | Found a staircase to the Ecumenical Temple.
  9089 | Temple   | Entered the Ecumenical Temple
  9130 | Temple   | Became a worshipper of Makhleb the Destroyer
  9467 | D:7      | Reached skill level 10 in Unarmed Combat
  9575 | D:7      | Noticed Dowan
  9575 | D:7      | Noticed Duvessa
  9935 | D:7      | Killed Duvessa
  9946 | D:7      | Killed Dowan
 10188 | D:7      | Acquired Makhleb's first power
 11079 | D:7      | Noticed an orange crystal statue
 11087 | D:7      | Identified the Guide on the Escort
 11453 | D:8      | Noticed Prince Ribbit
 11463 | D:8      | Killed Prince Ribbit
 11463 | D:8      | Reached skill level 11 in Unarmed Combat
 11463 | D:8      | Reached XP level 10. HP: 53/63 MP: 14/14
 11470 | D:8      | Acquired Makhleb's second power
 11531 | D:8      | Found a staircase to the Lair.
 12943 | D:8      | Acquired Makhleb's third power
 13313 | D:9      | Reached skill level 1 in Invocations
 13805 | D:9      | Reached skill level 12 in Unarmed Combat
 13997 | D:9      | Found a basalt altar of Yredelemnul.
 14104 | D:9      | Noticed a hill giant
 14122 | D:9      | Killed a hill giant
 14122 | D:9      | Reached skill level 5 in Dodging
 14226 | D:9      | Acquired Makhleb's fourth power
 14230 | D:9      | Noticed a hill giant
 14282 | D:9      | HP: 2/63 [hill giant/giant club (30)]
 14299 | D:9      | Killed a hill giant
 14299 | D:9      | Reached XP level 11. HP: 20/69 MP: 17/17
 14623 | D:9      | Found a stormy altar of Qazlal.
 14623 | D:9      | Found an opulent altar of Gozag.
 14650 | D:9      | Reached skill level 5 in Invocations
 14702 | D:10     | Entered Level 10 of the Dungeon
 15693 | Lair:1   | Entered Level 1 of the Lair of Beasts
 16099 | Lair:1   | Learned a level 2 spell: Call Imp
 16105 | Lair:1   | Learned a level 5 spell: Blade Hands
 16543 | Lair:1   | Identified Rupal's Grimoire of Conjuration
 16613 | Lair:1   | Reached skill level 13 in Unarmed Combat
 17033 | Lair:2   | Acquired Makhleb's fifth power
 17033 | Lair:2   | Reached skill level 5 in Fighting
 17464 | Lair:2   | Reached skill level 1 in Evocations
 18228 | Lair:3   | Found a staircase to the Shoals.
 18385 | Lair:3   | Found a dark tunnel.
 18393 | Volcano  | Entered a volcano
 18499 | Volcano  | Reached skill level 5 in Spellcasting
 18604 | Volcano  | Reached XP level 12. HP: 43/77 MP: 16/19
 18859 | Lair:3   | Noticed asdu's ghost (powerful HEHu)
 18917 | Lair:3   | Killed asdu's ghost
 18981 | Lair:3   | Noticed a six-headed hydra
 19517 | Lair:3   | Killed a six-headed hydra
 20376 | Lair:4   | Noticed a six-headed hydra
 20428 | Lair:3   | Reached skill level 14 in Unarmed Combat
 20785 | Lair:4   | Noticed a six-headed hydra
 20793 | Lair:4   | Killed a six-headed hydra
 21091 | Lair:3   | Upgraded the game from 0.17-a0-1141-g3e25b61 to 0.17-a0-1150-g17b0b87
 22480 | Lair:4   | Noticed a fire dragon
 22509 | Lair:4   | Killed a fire dragon
 23148 | Lair:5   | Reached XP level 13. HP: 75/86 MP: 22/22
 23156 | Lair:5   | Noticed a death yak
 23179 | Lair:5   | Killed a death yak
 23225 | Lair:5   | Noticed a death yak
 23244 | Lair:5   | Killed a death yak
 23244 | Lair:5   | Reached skill level 15 in Unarmed Combat
 23274 | Lair:5   | Noticed a death yak
 23295 | Lair:5   | Killed a death yak
 23429 | Lair:5   | Noticed a four-headed hydra
 23464 | Lair:5   | Killed a four-headed hydra
 23520 | Lair:5   | Got an ancient flail
 23521 | Lair:5   | Identified the +6 flail of Revolt {freeze, rC+} (You found it on level 5 of the Lair of Beasts)
 23874 | Lair:5   | Found a staircase to the Snake Pit.
 24389 | Lair:6   | Found a viscous altar of Jiyva.
 24393 | Lair:6   | Found a staircase to the Slime Pits.
 24934 | Lair:6   | Engulfed by a fire crab's flame

Vault maps used:
D:1:      saegor_arrival_simple_a
D:2:      lemuel_crystal_altar, lemuel_doored_altar
D:3:      serial_co_window_serial, co_window_paths_b, co_window_paths_a,
          co_window_paths_a, co_window_paths_a, co_window_paths_a,
          co_window_corner_ca, co_window_broadway_a, co_window_broadway_a,
          co_window_corner_ca, co_window_of_opportunity_b, co_window_corner_b,
          co_window_sun, glass_columns_a, glass_columns_a, uniq_robin,
          uniq_natasha
D:4:      kennysheep_mini, fedhas_altar_2
D:5:      first_bread, portal_sewer_entry_f, uniq_grinder, uniq_blork_the_orc,
          uniq_crazy_yiuf_cottage
D:6:      lemuel_temple_firewalk
D:7:      statuecave_lemuel, uniq_duvessa
D:8:      dpeg_lair_monsters, uniq_prince_ribbit1
D:9:      kennysheep_little_box, nicolae_overflow_hidden_temple,
          gammafunk_temple_overflow_pools
Temple:   circular_temple_12
Lair:2:   beast_lair_carwin_6
Lair:3:   shoals_dummy_entry, nicolae_volcano_entry_hallway, st_stairs_11
Lair:4:   dragon1_lemuel, grunt_forest_large_clearings
Lair:5:   minmay_snake_entry_six_corridors
Lair:6:   slime_altar_1, lemuel_fruit_tree
Sewer:    sewer_co_purgy_island
Volcano:  volcano_pools

Action                   |  1- 3 |  4- 6 |  7- 9 | 10-12 | 13-15 || total
-------------------------+-------+-------+-------+-------+-------++-------
Melee: Unarmed           |    75 |   170 |   328 |   539 |   255 ||  1367
 Fire: Blowgun           |       |       |    95 |   217 |    67 ||   379
Throw: Tomahawk          |       |       |       |     1 |       ||     1
       Throwing net      |       |       |       |       |     1 ||     1
 Cast: Beastly Appendage |     4 |     8 |     7 |    20 |     7 ||    46
       Spider Form       |       |     7 |    20 |    38 |    13 ||    78
       Call Imp          |       |       |       |     3 |     5 ||     8
       Ice Form          |       |       |       |     1 |     3 ||     4
       Blade Hands       |       |       |       |     1 |     2 ||     3
       Sticks to Snakes  |       |       |       |       |     3 ||     3
Invok: Greater Servant o |       |       |       |     1 |       ||     1
 Abil: End Transformatio |       |       |       |     5 |     6 ||    11
       Evoke Flight      |       |       |       |     2 |     3 ||     5
Evoke: Wand              |       |       |     1 |     9 |     1 ||    11
  Use: Scroll            |       |     3 |    11 |    13 |     2 ||    29
       Potion            |       |     1 |       |     7 |     1 ||     9
 Stab: Sleeping          |    10 |     9 |    35 |    71 |    27 ||   152
       Distracted        |       |     2 |     5 |     5 |       ||    12
  Eat: Chunk             |     2 |    13 |    17 |    32 |     4 ||    68
       Meat ration       |       |       |     1 |     1 |       ||     2
       Fruit             |       |       |       |     5 |     1 ||     6
       Beef jerky        |       |       |       |     1 |     2 ||     3
       Pizza             |       |       |       |     1 |       ||     1
